 Dungeon Crawl Stone Soup version 0.25.1-2-g60ff931df9 (webtiles) character file.

Game seed: 13480701862509749096

55 DildoBatman the Conjurer (level 4, -3/30 HPs)
             Began as a Formicid Wizard on Aug 21, 2020.
             Slain by an ooze (5 damage)
             ... on level 2 of the Dungeon.
             The game lasted 00:04:42 (1842 turns).

DildoBatman the Conjurer (Formicid Wizard)          Turns: 1842, Time: 00:04:43

Health: -3/30      AC:  2    Str: 12    XL:     4   Next: 14%
Magic:  6/8        EV: 12    Int: 18    God:
Gold:   101        SH:  0    Dex:  9    Spells: 2/9 levels left

rFire    . . .     SeeInvis +   a - +0 hunting sling
rCold    . . .     Gourm    .   (no shield)
rNeg     . . .     Faith    .   s - +0 robe
rPois    .         Spirit   .   (helmet unavailable)
rElec    .         Reflect  .   (no cloak)
rCorr    .         Harm     .   (no gloves)
MR       .....                  (no boots)
Stlth    ++........             (no amulet)
HPRegen  0.10/turn              f - +4 ring of slaying
MPRegen  0.11/turn              (no ring)

@: brilliant, stab
A: permanent stasis, dig shafts and tunnels, four strong arms, antennae 3
a: Dig, Shaft Self


You were on level 2 of the Dungeon.
You were hungry.

You visited 1 branch of the dungeon, and saw 2 of its levels.

You collected 101 gold pieces.

Inventory:

Hand Weapons
 a - a +0 hunting sling (weapon)
 b - a +0 dagger of freezing
Missiles
 e - 57 stones (quivered)
 j - 7 arrows
 p - 6 poisoned darts
Armour
 s - a +0 robe (worn)
Jewellery
 f - a +4 ring of slaying (left hand)
Scrolls
 g - 2 scrolls of teleportation {unknown}
 h - 2 scrolls of magic mapping {unknown}
 k - a scroll of random uselessness {unknown}
 l - a scroll of blinking {unknown}
 m - a scroll of immolation {unknown}
 r - a scroll of identify {unknown}
Potions
 c - a potion of haste {unknown}
 d - a potion of curing {unknown}
 i - a potion of heal wounds
 o - a potion of resistance {unknown}
Comestibles
 v - 3 rations


   Skills:
 - Level 1.7 Dodging
 - Level 2.4 Stealth
 - Level 3.2 Spellcasting
 * Level 3.3 Conjurations
   Level 1.0 Summonings
   Level 0.8 Translocations


You had 2 spell levels left.
You knew the following spells:

 Your Spells              Type           Power        Failure   Level  Hunger
a - Conjure Flame         Conj/Fire      ##......     24%         3    None
c - Magic Dart            Conj           ###.         4%          1    None
e - Mephitic Cloud        Conj/Pois/Air  ##......     30%         3    None

Your spell library contained the following spells:

 Spells                   Type           Power        Failure   Level  Hunger
 Call Imp                 Summ           #.......     16%         2    None
 Slow                     Hex            #.......     24%         2    None
 Blink                    Tloc           Unusable     N/A         2    N/A

Dungeon Overview and Level Annotations

Branches:
Dungeon (2/15)

Altars:

Annotations:
D:1 Robin
D:2 1 exclusion


Innate Abilities, Weirdness & Mutations

You cannot be hasted, slowed, berserked, paralysed or teleported.
You can dig through walls and to a lower floor.
Your four strong arms can wield two-handed weapons with a shield.
You have a pair of large antennae on your head. (SInv)


Message History

Anything else - Cancel.
You shout for attention!
The ooze misses you. What are your orders? t - Shout!
Orders for allies: a - Attack new target. r - Retreat! s - Stop attacking. g - Guard the area. f - Follow me.
Anything else - Cancel.
You shout for attention!
The ooze misses you. What are your orders? t - Shout!
Orders for allies: a - Attack new target. r - Retreat! s - Stop attacking. g - Guard the area. f - Follow me.
Anything else - Cancel.
You shout for attention!
The ooze hits you.
You die...

.#.# ..#.....#..#####. .#.#
## #......#..# #. รท#.# { ..
#.........# #. .#.#######
#.###......##.# #.
.........### #.........##.#
#. #..........# #.#......##.#
#. #...####.#.#
###.##...#.##.#####. #####
#.#.# #...J..)##)##.......
#...# #..@....)...........
##..###.......##.#########
#...##......<#..### #
#.#.##............# #
#.#.##...<........# ##
#.#.##............######. {
..#.##...................
######.##...........>######.
......................#######


You could see an ooze.

Vanquished Creatures
  An adder (D:2)
  A dart slug (D:1)
  2 leopard geckos (D:2)
  4 bats
  A giant cockroach (D:2)
  15 goblins
  2 hobgoblins (D:1)
  5 kobolds
  A ball python (D:1)
  3 frilled lizards (D:1)
  3 rats (D:1)
38 creatures vanquished.

Notes
Turn   | Place    | Note
-------+----------+-------------------------------------------
     0 | D:1      | DildoBatman the Formicid Wizard began the quest for the
                  | Orb.
     0 | D:1      | Reached XP level 1. HP: 13/13 MP: 4/4
    62 | D:1      | Reached skill level 1 in Conjurations
   256 | D:1      | Reached XP level 2. HP: 9/19 MP: 0/6
   735 | D:1      | Reached XP level 3. HP: 24/24 MP: 5/7
   740 | D:1      | Learned a level 3 spell: Conjure Flame
   744 | D:1      | Learned a level 3 spell: Mephitic Cloud
   944 | D:2      | Noticed Robin
  1799 | D:2      | Reached XP level 4. HP: 6/30 MP: 1/8
  1835 | D:2      | HP: 1/30 [ooze (4)]
  1842 | D:2      | Slain by an ooze

Illustrated notes

Levels and vault maps discovered:
D:1:      nicolae_arrival_memento_mori, layout_basic
D:2:      layout_loops_ring, first_ration, uniq_sigmund, uniq_robin

Skill      XL: |  1  2  3 |
---------------+----------+-----
Conjurations   | 1 2 3 |  3.3
Dodging        | |  1.7
Stealth        | |  2.4
Spellcasting   | |  3.2
Summonings     | |  1.0
Translocations | |  0.8

Action                   |  1- 3 |  4- 6 || total
-------------------------+-------+-------++-------
Melee: Dagger            |    14 |       ||    14
 Fire: Hunting sling     |     1 |       ||     1
 Cast: Magic Dart        |    80 |     1 ||    81
 Abil: Dig               |     3 |       ||     3
  Use: Potion            |       |     3 ||     3
  Eat: Chunk             |     2 |       ||     2
Armor: Robe              |    12 |       ||    12
Dodge: Dodged            |    35 |    11 ||    46
